 Dungeon Crawl Stone Soup version 0.28.0-47-ge53b351184 (webtiles) character file.

Game seed: 6705581779089049174

693 NinjaNoafa the Changer (level 7, -12/52 HPs)
             Began as a Merfolk Transmuter on May 10, 2022.
             Was an Initiate of Sif Muna.
             Mangled by a komodo dragon (24 damage)
             ... on level 5 of the Dungeon.
             The game lasted 00:10:13 (4960 turns).

NinjaNoafa the Changer (Merfolk Transmuter)         Turns: 4960, Time: 00:10:14

Health: -12/52     AC:  3    Str: 12 (13) XL:     7   Next: 64%
Magic:  12/13      EV: 13    Int: 14      God:    Sif Muna [......]
Gold:   131        SH:  0    Dex: 13 (16) Spells: 11/14 levels left

rFire   . . .      SeeInvis .   p - +9 rapier of Untimely Demise {vorpal, Fly}
rCold   . . .      Faith    .   (no shield)
rNeg    . . .      Spirit   .   a - +1 robe
rPois   +          Reflect  .   (helmet currently unavailable)
rElec   .          Harm     .   (no cloak)
rCorr   .          Rampage  .   (no gloves)
Will    .....                   (boots currently unavailable)
Stlth   +.........              w - amulet of regeneration
HPRegen 0.97/turn               m - ring of poison resistance
MPRegen 0.13/turn               y - ring of flight

@: mighty, brilliant, appendages, attractive, flying
A: horns 2, (nimble swimmer 2), mertail, agile 1, strong 1, sturdy frame 1
a: End Transformation, Renounce Religion


You were on level 5 of the Dungeon.
You worshipped Sif Muna.
Sif Muna was noncommittal.
You had temporarily grown beastly horns.
You visited 2 branches of the dungeon, and saw 6 of its levels.

You collected 131 gold pieces.

Inventory:

Hand Weapons
 p - the +9 rapier of Untimely Demise (weapon) {vorpal, Fly}
   (You found it on level 3 of the Dungeon)

   It inflicts extra damage upon your enemies.
   Fly:       It grants you flight.
Missiles
 q - 4 boomerangs
 r - 7 poisoned darts (quivered)
 v - 88 stones
Armour
 a - a +1 robe (worn)
 j - a +2 helmet (melded)
Jewellery
 m - a ring of poison resistance (left hand)
 w - an amulet of regeneration (around neck)
 y - a ring of flight (right hand)
Wands
 t - a wand of digging (6)
Scrolls
 b - 3 scrolls of fear
 d - 3 scrolls of fog
 f - a scroll of magic mapping {unknown}
 g - a scroll of enchant weapon {unknown}
 o - a scroll of brand weapon {unknown}
 u - 2 scrolls of identify {unknown}
 x - a scroll of torment {unknown}
Potions
 c - 4 potions of curing
 e - a potion of degeneration
 h - a potion of heal wounds
 s - a potion of mutation


   Skills:
 - Level 3.0 Fighting
 - Level 4.0 Short Blades
 - Level 5.0 Dodging
 - Level 3.4 Unarmed Combat
 + Level 4.0 Spellcasting
 - Level 5.0 Transmutations
 - Level 3.0 Poison Magic


You had 11 spell levels left.
You knew the following spells:

 Your Spells              Type           Power      Damage    Failure   Level
a - Beastly Appendage     Tmut           50%        N/A       2%          1
b - Wereblood             Tmut           25%        N/A       3%          2

Your spell library contained the following spells:

 Spells                   Type           Power      Damage    Failure   Level
 Passwall                 Tmut/Erth      11%        N/A       11%         2
 Spider Form              Tmut/Pois      21%        N/A       11%         3
 Sandblast                Erth           8%         2d5       19%         1
 Blink                    Tloc           8%         N/A       28%         2
 Frozen Ramparts          Ice            8%         1d2       50%         3
 Stone Arrow              Conj/Erth      8%         3d7       50%         3
 Ice Form                 Ice/Tmut       14%        N/A       56%         4
 Summon Ice Beast         Ice/Summ       4%         N/A       88%         4
 Manifold Assault         Tloc           4%         N/A       99%         5
 Summon Forest            Summ/Tloc      2%         N/A       99%         5
 Summon Mana Viper        Hex/Summ       4%         N/A       99%         5
 Summon Cactus Giant      Summ           2%         N/A       100%        6
 Storm Form               Tmut/Air       7%         N/A       100%        7


Dungeon Overview and Level Annotations

Branches:
Dungeon (5/15)             Temple (1/1) D:5

Altars:
Ashenzari
Elyvilon
Fedhas
Hepliaklqana
Kikubaaqudgha
Nemelex Xobeh
Okawaru
Qazlal
Sif Muna
Trog
Uskayaw
Wu Jian
Xom
Yredelemnul
Zin


Innate Abilities, Weirdness & Mutations

You have temporarily grown beastly horns.
((You are very nimble when in or above water. (Stealth+, EV+, Speed+++)))
Your lower body shifts to a powerful aquatic tail in water.
You are agile. (Dex +2)
Your muscles are strong. (Str +2)
Your movements are slightly less encumbered by armour. (ER -2)


Message History

a +0 tower shield; a +0 ring mail A jelly is nearby!
A jelly is nearby!
A komodo dragon comes into view.
The komodo dragon hisses angrily.
Casting: Beastly Appendage (safe; 2% risk of failure)
Confirm with . or Enter, or press ? or * to list all spells.
You grow a pair of large bovine horns.
Your +2 helmet melds into your body.
The jelly hits you but does no damage.
You completely miss the jelly. You headbutt the jelly.
The jelly is moderately wounded.
The jelly hits you but does no damage.
You hit the jelly.
Your hands burn!
You headbutt the jelly!
You kill the jelly!
Sif Muna accepts your kill.
Your Spellcasting skill increases to level 4!
You hit the komodo dragon. Your headbutt misses the komodo dragon.
The komodo dragon is lightly wounded.
The komodo dragon bites you.
It was a potion of flight.
You feel more buoyant. The komodo dragon bites you!
It was a potion of brilliance.
You feel clever all of a sudden. The komodo dragon bites you!
It was a potion of attraction.
You feel attractive to monsters. The komodo dragon closely misses you.
It was a potion of might.
You feel very mighty all of a sudden. The komodo dragon misses you.
It was a potion of mutation.
You feel extremely strange.
You feel less encumbered by your armour.
You feel stronger.
You feel agile. The komodo dragon bites you!
* * * LOW HITPOINT WARNING * * *
You impale the komodo dragon!!
The komodo dragon is severely wounded.
The komodo dragon bites you!!
You die...

#.........+ ...........
##..######## #####..#.# ###.#
#.....#.. # #.## ##.#.#### # #..#
#†#+#### ####'## ### #####
#....[.# #.....####...
##...###.......
#.......#.....#####.....##.......
#..|....#......l@[......##.......
#.#.....#.....#####.....##......#
#.#.....##... ##...###......#
#.#.....###. ##.##........#
#.##.))## # #)##.###+#+##
...#.).# #.†..# ...+...## #.####
.###....# ##.## .# ####.# #...#


You could see a komodo dragon.

Vanquished Creatures
  An ogre (D:4)
  A water moccasin skeleton (D:5)
  A bullfrog zombie (D:3)
  3 jellies
  2 iguanas (D:4)
  2 orc wizards
  Terence (D:3)
  Robin (D:3)
  11 adders
  An adder skeleton (D:4)
  A worm (D:5)
  4 dart slugs
  14 orcs
  14 ball pythons
  2 endoplasms
  3 giant cockroaches
  12 goblins
  8 hobgoblins
  4 quokkas
  5 bats
  10 frilled lizards
  9 kobolds
  2 rats
112 creatures vanquished.

Vanquished Creatures (collateral kills)
  An ogre (D:3)
1 creature vanquished.

Vanquished Creatures (others)
  4 plants (D:2)
4 creatures vanquished.

Grand Total: 117 creatures vanquished

Notes
Turn   | Place    | Note
-------+----------+-------------------------------------------
     0 | D:1      | NinjaNoafa the Merfolk Transmuter began the quest for the
                  | Orb.
     0 | D:1      | Reached XP level 1. HP: 15/15 MP: 3/3
   302 | D:1      | Reached XP level 2. HP: 19/21 MP: 3/5
  1027 | D:1      | Reached XP level 3. HP: 25/26 MP: 4/6
  2131 | D:2      | Found a faded altar of an unknown god.
  2271 | D:3      | Identified the +9 rapier of Untimely Demise {vorpal, Fly}
  2287 | D:3      | Noticed Terence
  2298 | D:3      | Killed Terence
  2299 | D:3      | Reached XP level 4. HP: 11/32 MP: 5/7
  2534 | D:3      | Reached skill level 1 in Short Blades
  2629 | D:3      | Learned a level 2 spell: Wereblood
  2981 | D:3      | Noticed an ogre
  2999 | D:3      | Reached XP level 5. HP: 32/38 MP: 9/9
  3003 | D:3      | Reached skill level 1 in Poison Magic
  3006 | D:3      | Killed an ogre
  3139 | D:3      | Noticed Robin
  3149 | D:3      | Killed Robin
  3150 | D:3      | Reached XP level 6. HP: 34/44 MP: 10/10
  3697 | D:4      | Found a sparkling altar of Nemelex Xobeh.
  3728 | D:4      | Reached skill level 5 in Transmutations
  3958 | D:4      | Reached XP level 7. HP: 51/51 MP: 11/11
  4325 | D:5      | Entered Level 5 of the Dungeon
  4688 | D:5      | Found a staircase to the Ecumenical Temple.
  4697 | Temple   | Entered the Ecumenical Temple
  4775 | Temple   | Became a worshipper of Sif Muna the Loreminder
  4919 | D:5      | Reached skill level 5 in Dodging
  4948 | D:5      | Noticed a komodo dragon
  4959 | D:5      | Gained mutation: Your movements are slightly less
                  | encumbered by armour. (ER -2) [potion of mutation]
  4959 | D:5      | Gained mutation: Your muscles are strong. (Str +2) [potion
                  | of mutation]
  4959 | D:5      | Gained mutation: You are agile. (Dex +2) [potion of
                  | mutation]
  4960 | D:5      | Mangled by a komodo dragon

Illustrated notes

Levels and vault maps discovered:
D:1:      dpeg_arrival_refuge, layout_basic
D:2:      layout_basic, dilly_ecumenical_altar_fadedgnrine, minmay_lizard_king
D:3:      layout_basic, uniq_robin, uniq_terence
D:4:      layout_basic, nemelex_diamond_rough_becter, minmay_snake_closets
D:5:      minmay_octagon_keep, layout_basic, minmay_temple_entry_gardened_gates,
          minmay_manual_mares
Temple:   nicolae_temple_the_god_donut

Skill      XL: |  1  2  3  4  5  6  7 |
---------------+----------------------+-----
Transmutations | 3 4 5 |  5.0
Dodging        | 3 5 |  5.0
Short Blades   | 1 2 3 4 |  4.0
Poison Magic   | 1 3 |  3.0
Fighting       | 2 3 |  3.0
Spellcasting   | 3 4 |  4.0
Unarmed Combat | |  3.4

Action                   |  1- 3 |  4- 6 |  7- 9 || total
-------------------------+-------+-------+-------++-------
Melee: Unarmed           |   105 |       |       ||   105
       Headbutt          |    13 |     8 |     4 ||    25
       Punch             |     3 |     3 |       ||     6
       Rapier            |    10 |    88 |    53 ||   151
Throw: Dart              |       |       |    26 ||    26
       Boomerang         |       |       |     9 ||     9
 Cast: Beastly Appendage |    26 |    11 |     8 ||    45
  Use: Scroll            |       |     7 |       ||     7
       Potion            |       |     1 |     9 ||    10
Armor: Robe              |    23 |    19 |    25 ||    67
Dodge: Dodged            |    75 |    54 |    81 ||   210
